AoeStats
← ska_18

Black Forest

505454600Analyzed
3v3 RM · 22d ago on Sep 9, 2026· 47m 7s· 6 players
Game mode
Random Map
Map size
Normal (6 player)
Population
200
Speed
Normal
Resources
Standard
Victory
Conquest
Starting age
Dark Age
Ending age
Imperial Age
RankedLock teamsTeams togetherTeam positionsShared explorationLock speedFull tech treeHidden civsTurbo modeCheats
Victory
Defeat
🇩🇪 Japanese · Germany
1030
+15
🇦🇹 Saracens · Austria
981
+18
🇪🇸 Persians · Spain
969
+19
🇺🇸 Malay · United States
1034
-18
🇨🇳 Lithuanians · China
1008
-17
🇹🇼 Portuguese · Taiwan
1005
-17
ska_18
1:01 Loom
12:57 Feudal Age
18:34 Castle Age
16:44 Double-Bit Axe
17:06 Horse Collar
20:10 Bow Saw
20:43 Wheelbarrow
23:13 Town Watch
23:54 Hand Cart
23:28 Town Watch
25:06 Gold Mining
26:24 Stone Mining
26:36 Heavy Plow
26:57 Bow Saw
29:06 Gold Shaft Mining
28:42 Forging
28:38 Scale Barding Armor
29:34 Fervor
31:31 Town Patrol
34:12 Imperial Age
32:10 Caravan
32:02 Fletching
32:08 Treadmill Crane
32:23 Murder Holes
33:39 Iron Casting
33:25 Chain Barding Armor
33:01 Bodkin Arrow
33:52 Fortified Wall
34:45 Sanctity
36:29 Chemistry
35:40 Masonry
35:38 Siege Engineers
36:36 Blast Furnace
36:11 Plate Barding Armor
35:59 Conscription
35:49 Bimaristan
36:45 Coinage
37:17 Two-Man Saw
36:29 Bloodlines
36:20 Husbandry
35:40 Light Cavalry
36:05 Light Cavalry
37:30 Elite Mameluke
38:45 Hoardings
42:54 Banking
43:46 Hussar
Bander
0:37 Loom
14:05 Feudal Age
19:50 Castle Age
19:42 Horse Collar
19:51 Double-Bit Axe
20:00 Stone Mining
28:39 Kamandaran
28:51 Fletching
34:59 Imperial Age
35:51 Imperial Age
34:00 Wheelbarrow
33:38 Town Watch
34:14 Bodkin Arrow
35:00 Scale Barding Armor
35:06 Forging
35:28 Husbandry
35:39 Bloodlines
35:37 Murder Holes
36:04 Ballistics
36:02 Masonry
36:16 Ballistics
36:01 Devotion
36:17 Bow Saw
36:10 Heavy Plow
36:42 Conscription
37:59 Chemistry
37:23 Chain Barding Armor
37:45 Iron Casting
37:47 Citadels
38:46 Crop Rotation
37:45 Elite War Elephant
41:19 Plate Barding Armor
41:49 Blast Furnace
41:21 Gold Mining
42:24 Stone Shaft Mining
42:58 Hoardings
43:12 Faith
43:27 Caravan
44:23 Architecture
45:07 Two-Man Saw
Bubusauger
2:50 Loom
11:36 Feudal Age
12:21 Double-Bit Axe
12:18 Horse Collar
15:18 Wheelbarrow
19:16 Castle Age
17:12 Man-at-Arms
21:12 Bow Saw
21:03 Heavy Plow
23:33 Gold Mining
25:02 Stone Mining
26:36 Caravan
30:18 Gold Shaft Mining
32:26 Imperial Age
31:08 Hand Cart
31:18 Fortified Wall
33:27 Fletching
33:51 Town Watch
35:34 Elite Samurai
36:42 Scale Mail Armor
36:53 Forging
38:12 Chain Mail Armor
38:22 Conscription
39:13 Iron Casting
41:56 Plate Mail Armor
42:27 Blast Furnace
41:42 Heavy Scorpion
42:37 Yasama
42:40 Guard Tower
42:57 Siege Engineers
42:41 Arrowslits
44:31 Squires
44:17 Arson
44:18 Gambesons
44:27 Gambesons
lord evil
1:25 Loom
11:05 Feudal Age
10:54 Double-Bit Axe
18:05 Castle Age
24:35 Wheelbarrow
25:32 Bow Saw
25:06 Horse Collar
27:37 Forging
28:45 Iron Casting
29:48 Fletching
30:33 Gold Mining
30:34 Stone Mining
32:46 Gold Shaft Mining
32:46 Stone Shaft Mining
32:49 Bodkin Arrow
33:02 Town Watch
36:56 Imperial Age
34:58 Town Patrol
35:41 Padded Archer Armor
36:46 Conscription
37:35 Blast Furnace
36:38 Bracer
37:30 Squires
38:08 Hand Cart
37:31 Crossbowman
38:33 Thumb Ring
39:12 Leather Archer Armor
39:22 Ballistics
41:16 Chemistry
39:38 Arbalester
42:00 Ring Archer Armor
41:38 Pikeman
42:03 Arson
42:48 Scale Barding Armor
42:27 Halberdier
MaChi
2:09 Loom
14:14 Feudal Age
15:14 Horse Collar
15:23 Double-Bit Axe
19:03 Town Watch
19:53 Wheelbarrow
24:53 Castle Age
24:43 Stone Mining
24:43 Gold Mining
26:15 Bow Saw
26:42 Hand Cart
27:08 Hand Cart
27:42 Fortified Wall
27:48 Herbal Medicine
28:40 Stone Shaft Mining
30:39 Fletching
31:31 Forging
31:22 Scale Mail Armor
31:19 Bodkin Arrow
31:22 Treadmill Crane
31:37 Murder Holes
32:36 Pikeman
33:16 Squires
35:01 Scale Barding Armor
35:32 Iron Casting
35:00 Heavy Plow
35:59 Town Patrol
36:28 Chain Mail Armor
36:35 Ballistics
36:26 Masonry
36:52 Herbal Medicine
41:00 Imperial Age
41:14 Imperial Age
42:09 Husbandry
41:29 Cavalier
42:20 Bloodlines
42:32 Bracer
42:47 Arson
42:24 Halberdier
shaqssmm
1:35 Loom
14:12 Feudal Age
15:13 Horse Collar
15:24 Double-Bit Axe
21:54 Castle Age
23:07 Gold Mining
23:42 Heavy Plow
25:25 Wheelbarrow
27:08 Bow Saw
27:22 Town Watch
30:31 Imperial Age
28:06 Stone Mining
28:34 Padded Archer Armor
32:25 Chemistry
31:57 Hand Cart
33:40 Stone Shaft Mining
34:26 Arquebus
35:05 Elite Skirmisher
37:04 Two-Man Saw
36:23 Leather Archer Armor
36:20 Murder Holes
37:54 Crop Rotation
38:02 Ring Archer Armor
40:04 Fletching
Connection lost

Rejoining the realm…

Still unreachable

The connection could not be restored.

Session expired

The server has moved on; the page needs a fresh start.